 Dungeon Crawl Stone Soup version 0.28-a0-1518-gbe868bca14 (webtiles) character file.

Game seed: 10001921408030467022

1 issech the Vexing (level 1, -2/11 HPs)
             Began as a Deep Elf Arcane Marksman on Jan 17, 2022.
             Slain by a gnoll (8 damage)
             ... on level 1 of the Dungeon.
             The game lasted 00:00:51 (98 turns).

issech the Vexing (Deep Elf Arcane Marksman)          Turns: 98, Time: 00:00:52

Health: -2/11      AC:  2    Str:  7    XL:     1   Next: 16%
Magic:  5/5        EV: 12    Int: 17    God:
Gold:   11         SH:  0    Dex: 15    Spells: 2/3 levels left

rFire   . . .      SeeInvis .   a - +0 shortbow
rCold   . . .      Faith    .   (shield currently unavailable)
rNeg    . . .      Spirit   .   d - +0 robe
rPois   .          Reflect  .   (no helmet)
rElec   .          Harm     .   (no cloak)
rCorr   .          Rampage  .   (no gloves)
Will    .....                   (no boots)
Stlth   +.........              (no amulet)
HPRegen 0.03/turn               (no ring)
MPRegen 0.09/turn               (no ring)

@: no status effects
A: no striking features
a: no special abilities


You were on level 1 of the Dungeon.
You visited 1 branch of the dungeon, and saw 1 of its levels.

You collected 11 gold pieces.

Inventory:

Hand Weapons
 a - a +0 shortbow (weapon)
Missiles
 c - 15 arrows (quivered ammo)
 e - 16 sling bullets
 g - 14 stones
Armour
 b - a +0 robe
 d - a +0 robe (worn)
Potions
 f - a potion of degeneration {unknown}


   Skills:
 + Level 0.7 Fighting
 + Level 2.6 Bows
 + Level 2.4 Dodging
 + Level 1.5 Spellcasting
 + Level 4.1 Hexes


You had 2 spell levels left.
You knew the following spells:

 Your Spells              Type           Power      Damage    Failure   Level
a - Slow                  Hex            60%        N/A       3%          1

Your spell library contained the following spells:

 Spells                   Type           Power      Damage    Failure   Level
 Inner Flame              Hex/Fire       8%         N/A       26%         3
 Portal Projectile        Hex/Tloc       16%        N/A       26%         3
 Cause Fear               Hex            7%         N/A       36%         4


Dungeon Overview and Level Annotations

Branches:
Dungeon (1/15)

Altars:


Message History

g - 14 stones
There is a stone staircase leading down here.
A bat comes into view.
Fire: 20 arrows
Press: ? - help, Q - select action, (/) - cycle Shift-Dir - straight line, f - bat
Aim: a bat (asleep, 98% to hit)
You shoot an arrow. The arrow hits the bat!
You kill the bat!
c - 20 arrows (gained 1)
A gnoll comes into view. It is wielding a +0 club.
The gnoll shouts!
Fire: 20 arrows
Press: ? - help, Q - select action, (/) - cycle Shift-Dir - straight line, f - gnoll
Aim: a gnoll, wielding a +0 club (63% to hit)
You shoot an arrow. The arrow closely misses the gnoll.
The gnoll barely misses you.
Fire: 19 arrows
Press: ? - help, Q - select action, (/) - cycle Shift-Dir - straight line, f/p - gnoll
Aim: a gnoll, wielding a +0 club (63% to hit)
You shoot an arrow.
The arrow hits the gnoll but does no damage.
The gnoll hits you with a +0 club.
Fire: 18 arrows
Press: ? - help, Q - select action, (/) - cycle Shift-Dir - straight line, f/p - gnoll
Aim: a gnoll, wielding a +0 club (63% to hit)
You shoot an arrow. The arrow completely misses the gnoll.
The gnoll hits you with a +0 club.
Fire: 17 arrows
Press: ? - help, Q - select action, (/) - cycle Shift-Dir - straight line, f/p - gnoll
Aim: a gnoll, wielding a +0 club (63% to hit)
You shoot an arrow. The arrow closely misses the gnoll.
The gnoll barely misses you.
Fire: 16 arrows
Press: ? - help, Q - select action, (/) - cycle Shift-Dir - straight line, f/p - gnoll
Aim: a gnoll, wielding a +0 club (63% to hit)
You shoot an arrow. The arrow hits the gnoll.
The gnoll is lightly wounded.
The gnoll hits you with a +0 club!
Ouch! That really hurt!
You die...

###########.#
#.# #####.#
#.....#
#.#####
#.##.# #....#
####.# #@#
#g# #....#
####(# ###


You could see a gnoll.

Vanquished Creatures
  A bat (D:1)
1 creature vanquished.

Notes
Turn   | Place    | Note
-------+----------+-------------------------------------------
     0 | D:1      | issech the Deep Elf Arcane Marksman began the quest for the
                  | Orb.
     0 | D:1      | Reached XP level 1. HP: 11/11 MP: 5/5
    98 | D:1      | Slain by a gnoll

Illustrated notes

Levels and vault maps discovered:
D:1:      minmay_arrival_four_houses, layout_basic,
          nicolae_ecumenical_snake_handling

Action                   || total
-------------------------++-------
 Fire: Shortbow          ||     6
Dodge: Dodged            ||     2

Table legend: (Time is in decaauts)
 A = Elapsed time spent in this place.
 B = Non-inter-level travel time spent in this place.
 C = Inter-level travel time spent in this place.
 D = Time resting spent in this place.
 E = Time spent auto-exploring this place.
 F = Levels seen in this place.
 G = Mean time per level.
                   A        B        C        D        E       F      G
               +--------+--------+--------+--------+--------+-----+--------+
         Total |     98 |     98 |      0 |      0 |     23 |   1 |   98.0 |
       Dungeon |     98 |     98 |      0 |      0 |     23 |   1 |   98.0 |
               +--------+--------+--------+--------+--------+-----+--------+

Top non-repeatable levels by time:
     D:1: 98 daAuts
